 Dungeon Crawl Stone Soup version 0.30-a0-371-gad7725a93e (webtiles) character file.

Game seed: 16063420043498327649

121470 KennySheep the Destroyer (level 16, -4/140 HPs)
             Began as an Ogre Conjurer on Nov 20, 2022.
             Was a High Priest of Sif Muna.
             Killed by the air
             ... invoked by a wind drake
              (23 damage)
             ... on level 2 of the Shoals on Nov 21, 2022.
             The game lasted 02:49:52 (43260 turns).

KennySheep the Destroyer (Ogre Conjurer)           Turns: 43260, Time: 02:49:53

Health: -4/140     AC:  6    Str: 20    XL:     16   Next: 85%
Magic:  32/32      EV: 12    Int: 18    God:    Sif Muna [*****.]
Gold:   352        SH:  0    Dex: 14    Spells: 0/40 levels left

rFire   + . .      SeeInvis .    a - staff of conjuration
rCold   + + .      Faith    .    (no shield)
rNeg    . . .      Spirit   .    k - +0 robe
rPois   +          Reflect  .    i - +0 hat
rElec   .          Harm     .    X - +2 cloak {rPois}
rCorr   +          Rampage  .    (gloves unavailable)
Will    +++..                    (boots unavailable)
Stlth   ++........               c - amulet of Xoasucul {Acrobat rF+}
HPRegen 0.43/turn                d - ring of Katilud {*Corrode rC+ Will+ Str+3 Slay+4}
MPRegen 0.23/turn                Y - ring of Mad Hono {rPois rC+ Will+ rCorr Int-4}

@: flying, studying Ice Magic, invisible
A: large, unfitting armour, tough skin 1, antennae 1, hooves 1, agile 2, frail
1, strong 1
a: Renounce Religion, Channel Magic, Forget Spell, Divine Exegesis


You were on level 2 of the Shoals.
You worshipped Sif Muna.
Sif Muna was extremely pleased with you.
You visited 7 branches of the dungeon, and saw 28 of its levels.
You also visited: Ossuary, Bailey and Gauntlet.

You collected 2359 gold pieces.
You spent 2007 gold pieces at shops.

Inventory:

Hand Weapons
 b - a +7 giant spiked club of flaming
Missiles
 v - 7 throwing nets
 O - 2 boomerangs of dispersal
 V - 20 large rocks
Armour
 i - a +0 hat (worn)
 k - a +0 robe (worn)
 X - a +2 cloak of poison resistance (worn)
Magical Staves
 a - a staff of conjuration (weapon)
Jewellery
 c - the amulet of Xoasucul (around neck) {Acrobat rF+}
   (You acquired it in a bailey)

   [amulet of the acrobat]

   It increases your evasion while moving and waiting.
   rF:        It protects you from fire.
 d - the ring of Katilud (left hand) {*Corrode rC+ Will+ Str+3 Slay+4}
   (You took it off a minotaur in a Gauntlet)

   [ring of slaying]

   Str:       It affects your strength (+3).
   Slay:      It affects your accuracy & damage with ranged weapons and melee
   (+4).
   rC:        It protects you from cold.
   *Corrode:  It may corrode you when you take damage.
   Will:      It increases your willpower.
 u - a ring of protection from cold
 y - a +4 ring of protection
 G - a ring of protection from fire
 I - the ring of the City {rC+ rCorr EV+4}
   (You found it on level 1 of the Lair of Beasts)

   [ring of evasion]

   EV:        It affects your evasion (+4).
   rC:        It protects you from cold.
   rCorr:     It protects you from acid and corrosion.
 Q - a ring of positive energy
 T - a ring of see invisible
 Y - the ring of Mad Hono (right hand) {rPois rC+ Will+ rCorr Int-4}
   (You found it in a Gauntlet)

   [ring of willpower]

   Int:       It affects your intelligence (-4).
   rC:        It protects you from cold.
   rPois:     It protects you from poison.
   rCorr:     It protects you from acid and corrosion.
   Will:      It increases your willpower.
Wands
 l - a wand of flame (19)
 D - a wand of paralysis (13)
 N - a wand of mindburst (12)
 R - a wand of iceblast (18)
 S - a wand of polymorph (6)
 U - a wand of digging (7)
Scrolls
 e - 5 scrolls of fog
 f - a scroll of amnesia
 h - 5 scrolls of teleportation
 m - 2 scrolls of blinking
 o - a scroll of enchant weapon
 r - 5 scrolls of poison
 t - 4 scrolls of enchant armour
 A - 2 scrolls of magic mapping
 C - 5 scrolls of fear
 M - 15 scrolls of identify
 P - a scroll of brand weapon
Potions
 j - 5 potions of might
 n - 4 potions of flight
 p - 8 potions of mutation
 s - 3 potions of curing
 x - 7 potions of degeneration
 z - 5 potions of attraction
 B - 2 potions of brilliance
 E - a potion of haste
 H - 6 potions of ambrosia
 J - 3 potions of berserk rage
 L - 4 potions of magic


   Skills:
 - Level 9.5 Fighting
 - Level 6.5 Maces & Flails
 - Level 6.1 Dodging
 - Level 1.4 Stealth
 + Level 12.9 Spellcasting
 * Level 14.1 Conjurations
 * Level 14.0 Summonings
 - Level 8.0 Translocations
 - Level 3.7 Transmutations
 - Level 6.4 Earth Magic
 - Level 7.4 Invocations


You couldn't memorise any spells.
You knew the following spells:

 Your Spells              Type           Power      Damage    Failure   Level
a - Magic Dart            Conj           100%       1d8       1%          1
b - Ozocubu's Armour      Ice            11%        N/A       19%         3
c - Iskenderun's Mystic   Conj/Tloc      67%        2d14      1%          4
d - Stone Arrow           Conj/Erth      100%       3d13      1%          3
e - Monstrous Menagerie   Summ           29%        N/A       16%         7
f - Orb of Destruction    Conj           38%        9d11      16%         7
g - Iskenderun's Battles  Conj           76%        2d12      1%          5
h - Frozen Ramparts       Ice            22%        1d4       19%         3
z - Spellforged Servitor  Conj/Summ      38%        N/A       16%         7

Your spell library contained the following spells:

 Spells                   Type           Power      Damage    Failure   Level
 Kiss of Death            Conj/Necr      100%       2d13      1%          1
 Shock                    Conj/Air       100%       1d9       1%          1
 Summon Small Mammal      Summ           100%       N/A       1%          1
 Blink                    Tloc           80%        N/A       1%          2
 Call Imp                 Summ           58%        N/A       1%          2
 Momentum Strike          Conj/Tloc      100%       3d10      1%          2
 Searing Ray              Conj           100%       2d8       1%          2
 Static Discharge         Conj/Air       100%       2-7/arc   1%          2
 Wereblood                Tmut           24%        N/A       1%          2
 Call Canine Familiar     Summ           58%        N/A       1%          3
 Dazzling Flash           Conj/Hex       100%       N/A       1%          3
 Hailstorm                Conj/Ice       53%        3d12      1%          3
 Lesser Beckoning         Tloc           80%        N/A       1%          3
 Summon Guardian Golem    Hex/Summ       37%        N/A       1%          3
 Animate Armour           Summ/Erth      96%        N/A       1%          4
 Summon Forest            Summ/Tloc      25%        N/A       1%          5
 Sting                    Tmut/Pois      72%        1d6       2%          1
 Mephitic Cloud           Conj/Pois/Air  42%        N/A       2%          3
 Vhi's Electric Charge    Tloc/Air       52%        N/A       3%          3
 Fulminant Prism          Conj/Hex       26%        3d13      3%          4
 Summon Ice Beast         Ice/Summ       37%        N/A       3%          4
 Freeze                   Ice            44%        1d6       6%          1
 Necrotise                Necr           44%        1d6       6%          1
 Kindle Blastsparks       Fire/Tloc/Air  42%        2d13      6%          3
 Ensorcelled Hibernation  Hex/Ice        22%        N/A       9%          2
 Spider Form              Tmut/Pois      18%        N/A       9%          3
 Arcjolt                  Conj/Air       26%        1d36      9%          5
 Fireball                 Conj/Fire      26%        3d12      9%          5
 Lightning Bolt           Conj/Air       26%        1d42      9%          5
 Summon Mana Viper        Hex/Summ       37%        N/A       9%          5
 Lee's Rapid Deconstruct  Erth           17%        3d10*     12%         5
 Iron Shot                Conj/Erth      32%        9d7       13%         6
 Vampiric Draining        Necr           11%        2d6       19%         3
 Ice Form                 Ice/Tmut       18%        N/A       26%         4
 Conjure Ball Lightning   Conj/Air       26%        3x3d7     45%         6
 Starburst                Conj/Fire      26%        6d8       45%         6
 Malign Gateway           Summ/Tloc      25%        N/A       47%         7
 Anguish                  Hex/Necr       5%         N/A       52%         4
 Agony                    Necr           11%        N/A       86%         5
 Metabolic Englaciation   Hex/Ice        5%         N/A       86%         5
 Lehudib's Crystal Spear  Conj/Erth      32%        10d8      99%         8
 Simulacrum               Ice/Necr       5%         N/A       100%        6
 Dragon Form              Tmut           12%        N/A       100%        7
 Infestation              Necr           5%         N/A       100%        8
 Maxwell's Capacitive Co  Air            5%         ∞         100%        8
 Chain Lightning          Conj/Air       26%        3d35      100%        9
 Fire Storm               Conj/Fire      26%        8d7       100%        9
 Shatter                  Erth           17%        3d16*     100%        9


Dungeon Overview and Level Annotations

Branches:
Dungeon (15/15)            Temple (0/1) D:7            Lair (5/5) D:9
 Shoals (3/4) Lair:3        Snake (1/4) Lair:3        Slime (0/5) Lair:4
    Orc (2/2) D:10            Elf (1/3) Orc:2        Vaults (0/5) D:13
 Depths (1/4) D:15        Ossuary (visited)          Bailey (visited)
Gauntlet (visited)

Altars:
Ashenzari
Dithmenos
Elyvilon
Gozag
Hepliaklqana
Makhleb
Nemelex Xobeh
Okawaru
Qazlal
Sif Muna
Trog
Uskayaw
Vehumet
Wu Jian
Xom
Jiyva

Shops:
D:10 *   D:12 =   Orc:2 :?*:   Shoals:1 :=!((

Portals:
Hell: Lair:5
Abyss: D:3

Annotations:
D:3 2 transporters, BlueFish's ghost, amateur OpWr
D:14 1 runed translucent door, AigisTheKnight's ghost, journeyman DrEE
Shoals:2 Polyphemus
Snake:1 Aizul


Innate Abilities, Weirdness & Mutations

You are too large for most types of armour.
You have tough skin. (AC +1)
You have a pair of small antennae on your head.
You have large cloven feet.
You are very agile. (Dex +8, Str/Int -2)
You are frail. (-10% HP)
Your muscles are strong. (Str +4, Int/Dex -1)


Message History

The death yak is engulfed in calcifying dust.
Why would you want to do that?
Unknown command.
You feel very buoyant.
You fly up into the air.
The death yak is engulfed in calcifying dust.
The death yak stops moving altogether!
The death yak gores you but does no damage.
The death yak is engulfed in calcifying dust.
Your surroundings suddenly seem different.
Found 44 gold pieces and 3 stones.
Found a stone staircase leading down.
A wind drake comes into view.
The wind drake hisses angrily.
There is a stone staircase leading down here.
You fly downwards.
The merfolk shouts! x2; The satyr shouts!
The faun shouts! x3
The sea snake hisses angrily.
The faun shouts!
You hear a bleat! x2
There is a stone staircase leading up here.
The faun unwields a +0 quarterstaff.
The faun wields a +0 sling.
The faun shoots a sling bullet.
The sling bullet closely misses you.
The satyr hits you from afar with a +0 spear!
* * * LOW HITPOINT WARNING * * *
You fly upwards.
Level annotation: Polyphemus
There is a stone staircase leading down here.
You feel much better. The wind drake flaps its wings at you.
The air twists around and strikes you!!
* * * LOW HITPOINT WARNING * * *
Okay, then.
Casting: Monstrous Menagerie (dangerous; 16% risk of failure)
Confirm with . or Enter, or press ? or * to list all spells.
Okay, then.
Okay, then.
You fade into invisibility!
You feel better.
Your +7 giant spiked club of flaming stops flaming.
a - a staff of conjuration (weapon)
The wind drake flaps its wings at you.
You die...

~~~~~~≈#≈≈#≈≈≈≈≈≈≈≈~~~~~~~~~~~~~
~~~~~~≈≈≈≈≈≈≈≈≈≈≈≈~~~~~~~~~~~~~~
~~~~~~≈≈≈≈≈≈≈≈≈≈≈.~~~~~~~~~~~~~~
~~~~~~≈≈≈≈≈≈≈≈≈...~~~~~~~~~~~~~~
~~~,,,...............~~~~~~~~~~~
~~~,,,.....$$..........~~~~~~~~~
~~~~,,.................~~~~~~~~~
~~~~~~(................~~~~~~~~~
~~~~~~.........@.......,~~~~~~~~
~~~~~~≈≈~~~~~..k.......~~~~~~~~~
~~~~~~≈≈≈≈≈≈~~~....###.~~~~~~~~~
~~~~~~≈≈≈≈≈≈≈≈≈~~...~~~~~~~~~~~~
~~~~~~≈≈≈≈≈≈≈≈≈~~~..~~~~~~~~~~~~
~~~~~~~≈≈≈≈≈≈≈≈≈≈~~...~~~~~~~~~~
~~~~~~~~≈≈≈≈≈≈≈≈≈≈~...≈~~~~~~~~~
~~~~~~~~≈≈≈≈≈≈≈≈≈≈≈≈≈≈≈~~~~~~~~~
~~~~~~~~~~~~~~~~~~~~~~~~~~~~~~~~


You could see a wind drake (repels missiles, unable to see you).

Vanquished Creatures
  A tentacled monstrosity (Depths:1)
  Azrael (D:15)
  A minotaur (Gauntlet)
  Snorg (Lair:3)
  Josephine (D:15)
  3 vault guards (D:13)
  Harold (Orc:1)
  9 hydras
  2 centaur warriors (D:13)
  2 ogre magi
  A catoblepas (Lair:1)
  A merfolk avatar (Shoals:1)
  6 nameless horrors
  2 boulder beetles
  9 death yaks
  13 two-headed ogres
  5 orc high priests
  Urug (Orc:2)
  Sonja (Lair:1)
  A sun demon (Lair:5)
  3 skeletal warriors (D:14)
  A sea snake (Shoals:1)
  2 deep trolls (D:15)
  A wizard (Lair:5)
  A spriggan simulacrum (Shoals:2)
  6 orc knights
  An ugly thing (D:12)
  An oklob plant (Lair:5)
  6 orc sorcerers
  2 necromancers (D:15)
  A faun (Shoals:1)
  6 cyclopes
  3 manticores
  A salamander (Depths:1)
  2 merfolk sirens
  3 black mambas
  2 orange demons (Lair:5)
  2 smoke demons
  A torpor snail (Lair:5)
  A gargoyle (D:12)
  10 cane toads
  3 unseen horrors
  11 komodo dragons
  5 rime drakes (Lair:5)
  An efreet (D:15)
  3 kobold demonologists
  A yaktaur (shapeshifter) (D:15)
  4 yaktaurs (D:14)
  A rime drake (shapeshifter) (D:13)
  A tengu conjurer (D:8)
  A harpy zombie (Shoals:2)
  An anaconda simulacrum (Shoals:2)
  A red devil (Lair:5)
  3 ice devils (Lair:5)
  A queen bee (Lair:5)
  A polar bear (shapeshifter) (D:14)
  6 meliai
  4 merfolk
  3 trolls
  A troll (shapeshifter) (D:13)
  A polar bear (Lair:4)
  A blink frog (shapeshifter) (Elf:1)
  A hornet (D:9)
  17 dream sheep
  A snapping turtle (Shoals:1)
  12 blink frogs
  14 slime creatures
  8 wraiths
  8 humans (D:13)
  7 wyverns
  A water elemental (Shoals:1)
  4 basilisks
  2 fire bats (Depths:1)
  30 yaks
  5 vampire mosquitoes (D:12)
  8 wargs
  A harpy simulacrum (Shoals:2)
  4 nagas (Lair:3)
  3 acid dragons
  2 swamp worms (Gauntlet)
  6 hell hounds
  10 water moccasins
  40 orc warriors
  A black bear (D:5)
  An alligator simulacrum (Shoals:2)
  2 ice beasts
  19 ogres
  14 wolves
  14 centaurs
  5 small abominations (Gauntlet)
  2 kobold brigands
  5 bullfrogs
  4 gnoll sergeants
  2 deep troll simulacra (Shoals:2)
  3 scorpions (D:5)
  2 necrophages
  4 wights (D:7)
  19 killer bees
  3 electric eels (Bailey)
  6 howler monkeys
  A lava snake (D:10)
  3 crimson imps (Gauntlet)
  5 jellies
  A hound (D:5)
  25 orc priests
  A gnoll bouda (D:8)
  An iguana (shapeshifter) (D:15)
  An iguana (D:5)
  6 hell rats (Lair:4)
  23 orc wizards
  A mummy (Ossuary)
  5 adders
  31 gnolls
  A shadow imp (D:7)
  3 white imps
  A worm (D:2)
  4 dart slugs
  85 orcs
  4 spectral bats (Ossuary)
  5 bat simulacra (Ossuary)
  2 endoplasms
  6 giant cockroaches
  12 gnoll zombies (Ossuary)
  17 goblins
  8 hobgoblins
  5 jackals
  2 quokkas
  7 ball pythons
  3 bats
  5 frilled lizards
  3 goblin simulacra (Ossuary)
  3 goblin zombies (Ossuary)
  6 hobgoblin zombies (Ossuary)
  20 kobolds
  3 kobold simulacra (Ossuary)
  5 kobold zombies (Ossuary)
  4 orc zombies (Ossuary)
  A quokka zombie (D:6)
  3 rats
  A rat simulacrum (Ossuary)
  A rat zombie (D:6)
  A spectral goblin (Ossuary)
  4 spectral kobolds (Ossuary)
  2 spectral rats (Ossuary)
793 creatures vanquished.

Vanquished Creatures (collateral kills)
  Saint Roka (Orc:2)
  A merfolk impaler (Shoals:2)
  A catoblepas (D:15)
  A boulder beetle (D:15)
  A merfolk aquamancer (Shoals:1)
  An alligator snapping turtle (Shoals:1)
  A tengu warrior (Depths:1)
  A deep elf knight (Elf:1)
  A death drake (shapeshifter) (D:14)
  A deep troll (D:15)
  6 skeletal warriors
  A sea snake (Shoals:1)
  An orc knight (D:15)
  A deep elf pyromancer (D:14)
  A lindwurm (shapeshifter) (D:15)
  An ugly thing (Depths:1)
  A deep elf zephyrmancer (Elf:1)
  2 fauns (Shoals:1)
  2 manticores
  A water nymph (Shoals:1)
  An efreet (D:14)
  A yaktaur (D:14)
  2 tengu conjurers
  A harpy zombie (Shoals:2)
  A merfolk (Shoals:1)
  A tyrant leech (Gauntlet)
  2 wind drakes (Shoals:1)
  A snapping turtle (shapeshifter) (D:14)
  4 slime creatures
  2 snapping turtles (Shoals:1)
  A water elemental (Shoals:1)
  A human (D:13)
  A fire elemental (D:15)
  2 swamp worms (Gauntlet)
  4 hell hounds (D:15)
  An orc warrior (Orc:2)
  An alligator simulacrum (Shoals:2)
  2 manticore zombies (Shoals:2)
  2 orcs (Orc:2)
58 creatures vanquished.

Vanquished Creatures (others)
  A merfolk (Shoals:1)
  A fire elemental (D:15)
  2 bushes (Lair:5)
  14 demonic plants (Gauntlet)
  62 fungi
  99 plants
179 creatures vanquished.

Grand Total: 1030 creatures vanquished

Notes
Turn   | Place    | Note
-------+----------+-------------------------------------------
     0 | D:1      | KennySheep the Ogre Conjurer began the quest for the Orb.
     0 | D:1      | Reached XP level 1. HP: 16/16 MP: 3/3
     1 | D:1      | Noticed an electric eel
   187 | D:1      | Reached XP level 2. HP: 24/24 MP: 2/5
   588 | D:1      | Reached skill level 1 in Translocations
  1218 | D:2      | Reached XP level 3. HP: 27/31 MP: 0/7
  1235 | D:2      | Learned a level 2 spell: Searing Ray
  2172 | D:2      | Reached XP level 4. HP: 37/39 MP: 2/8
  2653 | D:2      | Learned a level 4 spell: Iskenderun's Mystic Blast
  2736 | D:3      | Found a transporter.
  2750 | D:3      | Found a transporter.
  3018 | D:3      | Found a one-way gate to the infinite horrors of the Abyss.
  3018 | D:3      | Noticed BlueFish's ghost (amateur OpWr)
  3021 | D:3      | Noticed a small abomination
  3267 | D:3      | Found a shimmering blue altar of Sif Muna.
  3273 | D:3      | Got Sif Muna's Octavo of Putrescence
  3275 | D:3      | Became a worshipper of Sif Muna the Loreminder
  3323 | D:3      | Found a bloodstained altar of Trog.
  3791 | D:4      | Found a hazy altar of Hepliaklqana.
  3899 | D:4      | Reached XP level 5. HP: 42/45 MP: 6/9
  4276 | D:4      | Found a radiant altar of Vehumet.
  4335 | D:4      | Reached XP level 6. HP: 31/52 MP: 0/11
  4556 | D:4      | Reached skill level 5 in Conjurations
  4692 | D:4      | Identified the +9 quarterstaff "Killer Klown's Doom"
                  | {venom, Fragile Int+6}
  5447 | D:5      | Entered Level 5 of the Dungeon
  5537 | D:5      | Noticed a black bear
  5541 | D:5      | Killed a black bear
  5546 | D:5      | Reached XP level 7. HP: 49/59 MP: 3/13
  6151 | D:5      | Reached XP level 8. HP: 67/67 MP: 15/15
  6232 | D:5      | Reached skill level 5 in Spellcasting
  6232 | D:5      | Reached skill level 5 in Translocations
  6570 | D:6      | Found a sand-covered staircase.
  6588 | Ossuary  | Entered an ossuary
  6596 | Ossuary  | Reached * piety under Sif Muna
  6786 | Ossuary  | Reached ** piety under Sif Muna
  6936 | Ossuary  | Gained mutation: You are frail. (-10% HP) [potion of
                  | mutation]
  6936 | Ossuary  | Gained mutation: You have hidden genetic potential. [potion
                  | of mutation]
  6936 | Ossuary  | Gained mutation: You are agile. (Dex +4, Str/Int -1)
                  | [potion of mutation]
  6936 | Ossuary  | Gained mutation: You are very agile. (Dex +8, Str/Int -2)
                  | [potion of mutation]
  7066 | D:6      | Found a white marble altar of Elyvilon.
  7210 | D:6      | You fall into a shaft and drop 3 floors!
  7228 | D:9      | Noticed a yak
  7228 | D:9      | Noticed a tengu conjurer
  7229 | D:9      | Noticed a yak
  7229 | D:9      | Noticed a yak
  7232 | D:9      | Noticed a yak
  7234 | D:9      | Noticed a yak
  7243 | D:8      | Killed a yak
  7687 | D:8      | Reached XP level 9. HP: 64/66 MP: 4/17
  7760 | D:8      | Reached *** piety under Sif Muna
  7994 | D:8      | Gained mutation: You have a pair of small antennae on your
                  | head. [hidden potential]
  8584 | D:8      | Killed a tengu conjurer
  8786 | D:7      | Identified the +4 short sword "Holiof" {freeze, rPois
                  | Dex+6}
  9107 | D:7      | Found a stormy altar of Qazlal.
  9111 | D:7      | Found an iron altar of Okawaru.
  9116 | D:7      | Found a broken altar of Ashenzari.
  9147 | D:7      | Reached **** piety under Sif Muna
  9352 | D:7      | Reached XP level 10. HP: 68/68 MP: 20/20
  9552 | D:7      | Found a staircase to the Ecumenical Temple.
  9757 | D:6      | Found an ornate altar of the Wu Jian Council.
 10142 | D:8      | Gained mutation: You have great hidden genetic potential.
                  | [hidden potential]
 10142 | D:8      | Lost mutation: You have great hidden genetic potential.
                  | [hidden potential expressed]
 10247 | D:9      | Reached skill level 1 in Fighting
 10247 | D:9      | Reached skill level 1 in Earth Magic
 10488 | D:9      | Reached skill level 1 in Maces & Flails
 10548 | D:9      | Found a staircase to the Lair.
 10568 | D:9      | Reached skill level 1 in Transmutations
 11162 | D:10     | Entered Level 10 of the Dungeon
 11181 | D:10     | Found Gozag's Platinum Reserve.
 11181 | D:10     | Found an opulent altar of Gozag.
 11240 | D:10     | Found a flagged portal.
 11248 | D:10     | Reached ***** piety under Sif Muna
 11358 | Bailey   | Entered a bailey
 11444 | Bailey   | Received a gift from Sif Muna
 11453 | Bailey   | Learned a level 3 spell: Stone Arrow
 11459 | Bailey   | Learned a level 5 spell: Iskenderun's Battlesphere
 11494 | Bailey   | Noticed an orc knight
 11504 | Bailey   | Killed an orc knight
 11655 | Bailey   | Reached skill level 1 in Invocations
 11975 | Bailey   | Noticed an orc high priest
 11986 | Bailey   | Killed an orc high priest
 11987 | Bailey   | Reached XP level 11. HP: 59/88 MP: 2/23
 11988 | Bailey   | Gained mutation: You have large cloven feet. [hidden
                  | potential]
 12505 | Bailey   | Acquired the amulet of Xoasucul {Acrobat rF+}
 12548 | Bailey   | Found an iron altar of Okawaru.
 12718 | D:10     | Acquired a staff of conjuration
 12740 | D:10     | Learned a level 8 spell: Lehudib's Crystal Spear
 12747 | D:10     | Noticed a two-headed ogre
 12757 | D:10     | Killed a two-headed ogre
 12843 | D:10     | Found a staircase to the Orcish Mines.
 13634 | Lair:1   | Entered Level 1 of the Lair of Beasts
 13663 | Lair:1   | Reached skill level 5 in Fighting
 13888 | Lair:1   | Noticed Sonja
 13915 | Lair:1   | Reached skill level 5 in Earth Magic
 13915 | Lair:1   | Found a shadowy altar of Dithmenos.
 14012 | Lair:1   | Killed Sonja
 14110 | Lair:1   | Noticed a catoblepas
 14167 | Lair:1   | Killed a catoblepas
 14298 | Lair:1   | Learned a level 7 spell: Spellforged Servitor
 14377 | Lair:1   | Identified the ring of the City {rC+ rCorr EV+4}
 14762 | Lair:1   | Noticed a four-headed hydra
 14768 | Lair:1   | Killed a four-headed hydra
 14865 | Lair:1   | Identified the +8 dagger "Woagusir" {vorpal, rPois rF+
                  | Stlth+}
 14957 | Lair:1   | Reached XP level 12. HP: 89/99 MP: 13/25
 14979 | Lair:1   | Gained mutation: Your muscles are strong. (Str +4, Int/Dex
                  | -1) [hidden potential]
 14979 | Lair:1   | Lost mutation: You have hidden genetic potential. [hidden
                  | potential expressed]
 15110 | Lair:2   | Noticed a four-headed hydra
 15113 | Lair:2   | Killed a four-headed hydra
 16146 | Lair:3   | Noticed a seven-headed hydra
 16151 | Lair:3   | Killed a seven-headed hydra
 16469 | Lair:3   | Found a staircase to the Snake Pit.
 16475 | Lair:3   | Reached skill level 10 in Spellcasting
 16785 | Lair:3   | Reached skill level 1 in Summonings
 16869 | Lair:3   | Reached skill level 5 in Dodging
 17766 | Lair:3   | Found a staircase to the Shoals.
 17827 | Lair:3   | Noticed Snorg
 17833 | Lair:3   | Killed Snorg
 17834 | Lair:3   | Reached skill level 5 in Invocations
 18109 | Lair:3   | Reached skill level 10 in Conjurations
 18341 | Lair:3   | Found a shadowy altar of Dithmenos.
 18357 | Lair:3   | Reached XP level 13. HP: 104/111 MP: 21/27
 18770 | Lair:4   | Reached skill level 5 in Maces & Flails
 18893 | Lair:4   | Identified the +10 trident of World's End {protect, rN+
                  | Will+}
 19700 | Lair:4   | Found a viscous altar of Jiyva.
 19701 | Lair:4   | Found a staircase to the Slime Pits.
 20571 | Lair:5   | Entered Level 5 of the Lair of Beasts
 20985 | Lair:5   | Received a gift from Sif Muna
 20987 | Lair:5   | Got Ziledgh's Codex of the Barrage and the Tempest {god
                  | gift}
 20996 | Lair:5   | Learned a level 7 spell: Monstrous Menagerie
 21221 | Lair:5   | Reached skill level 5 in Summonings
 22074 | Lair:5   | Reached XP level 14. HP: 72/123 MP: 12/30
 22881 | Lair:5   | Found a burning altar of Makhleb.
 24059 | Lair:5   | Found a gateway to Hell.
 24324 | Orc:1    | Entered Level 1 of the Orcish Mines
 24443 | Orc:1    | Noticed Harold
 24452 | Orc:1    | Killed Harold
 24905 | Orc:2    | Entered Level 2 of the Orcish Mines
 24915 | Orc:2    | Noticed Urug
 24918 | Orc:2    | Killed Urug
 25484 | Orc:2    | Received a gift from Sif Muna
 25489 | Orc:2    | Got Sif Muna's Quarto of Necrotic Transfiguration {god
                  | gift}
 25584 | Orc:2    | Paralysed by an orc sorcerer for 2 turns
 25845 | Orc:2    | Found Heiholet's Book Boutique.
 25930 | Orc:2    | Found Tais's Magic Scroll Shop.
 25939 | Orc:2    | Bought a scroll of brand weapon for 123 gold pieces
 25939 | Orc:2    | Bought a scroll of enchant weapon for 97 gold pieces
 25939 | Orc:2    | Bought a scroll of brand weapon for 123 gold pieces
 26739 | Orc:2    | Reached XP level 15. HP: 130/130 MP: 22/31
 27134 | Orc:2    | Paralysed by an orc sorcerer for 4 turns
 27140 | Orc:2    | Reached skill level 10 in Summonings
 27489 | Orc:2    | Found Qeupp's General Store.
 27730 | Orc:2    | Noticed Saint Roka
 27744 | Orc:2    | Killed Saint Roka
 28011 | Orc:2    | Found Sait's Book Shop.
 28023 | Orc:2    | Bought a book of the Spheres for 864 gold pieces
 28032 | Orc:2    | Learned a level 7 spell: Orb of Destruction
 28291 | Orc:2    | Found a staircase to the Elven Halls.
 30006 | D:12     | Found Doymaixoffe's Jewellery Shop.
 30155 | D:12     | Found an iron altar of Okawaru.
 30164 | D:12     | Identified the +5 hand axe of Sagiaw {freeze, Fly Stlth+}
 31285 | D:13     | Found a shimmering blue altar of Sif Muna.
 31855 | D:13     | Received a gift from Sif Muna
 31856 | D:13     | Got Sif Muna's Octavo of the Grue {god gift}
 32055 | D:13     | Found a gate to the Vaults.
 33677 | D:14     | Identified the +3 trident "Nemip" {vorpal, *Rage rF+ rN+
                  | Dex+2}
 33678 | D:14     | Found a runed translucent door.
 33680 | D:14     | Noticed AigisTheKnight's ghost (journeyman DrEE)
 34693 | D:15     | Entered Level 15 of the Dungeon
 34853 | D:15     | Reached XP level 16. HP: 36/138 MP: 24/32
 34859 | D:15     | Found a gate leading to a gauntlet.
 34867 | Gauntlet | Entered a Gauntlet
 34867 | Gauntlet | Found a transporter.
 35105 | Gauntlet | Found a transporter.
 35113 | Gauntlet | Found a transporter.
 35118 | Gauntlet | Found a transporter.
 35134 | Gauntlet | Found a transporter.
 35152 | Gauntlet | Found a transporter.
 35175 | Gauntlet | Found a transporter.
 35181 | Gauntlet | Found a transporter.
 35198 | Gauntlet | Found a transporter.
 35204 | Gauntlet | Found a transporter.
 35221 | Gauntlet | Found a transporter.
 35241 | Gauntlet | Found a transporter.
 35262 | Gauntlet | Found a transporter.
 35279 | Gauntlet | Found a transporter.
 35281 | Gauntlet | Found a transporter.
 35307 | Gauntlet | Found a transporter.
 35309 | Gauntlet | Found a transporter.
 35781 | Gauntlet | Identified the ring of Mad Hono {rPois rC+ Will+ rCorr
                  | Int-4}
 36042 | Gauntlet | Identified the +11 shortbow "Regiepea" {elec, *Slow rElec
                  | Dex+4 SInv}
 36042 | Gauntlet | Identified the ring of Katilud {*Corrode rC+ Will+ Str+3
                  | Slay+4}
 36191 | Gauntlet | Identified the +6 chain mail of the Pure Demons {Harm}
 37260 | D:15     | Noticed Azrael
 37273 | D:15     | Killed Azrael
 37844 | D:15     | Noticed Josephine
 37853 | D:15     | Killed Josephine
 38158 | D:15     | Found a staircase to the Depths.
 38174 | D:15     | Found a shimmering altar of Xom.
 38176 | D:15     | Found an iron altar of Okawaru.
 38176 | D:15     | Found a shimmering altar of Xom.
 38178 | D:15     | Found a sparkling altar of Nemelex Xobeh.
 38178 | D:15     | Found an ornate altar of the Wu Jian Council.
 38178 | D:15     | Found a hide-covered altar of Uskayaw.
 38535 | Shoals:1 | Entered Level 1 of the Shoals
 38861 | Snake:1  | Entered Level 1 of the Snake Pit
 38861 | Snake:1  | Noticed Aizul
 39312 | Elf:1    | Entered Level 1 of the Elven Halls
 40568 | Depths:1 | Entered Level 1 of the Depths
 40959 | Depths:1 | Noticed a tentacled monstrosity
 40964 | Depths:1 | Killed a tentacled monstrosity
 41441 | Shoals:1 | Found Mysyfy's Distillery.
 41444 | Shoals:1 | Found Wengesk's Jewellery Shoppe.
 41646 | Shoals:1 | Found Ymezah's Book Boutique.
 42119 | Shoals:1 | Found Caoclir's Weapon Shop.
 42168 | Shoals:1 | Found Huzepp's Weapon Shop.
 42363 | Shoals:1 | Learned a level 3 spell: Ozocubu's Armour
 42367 | Shoals:1 | Learned a level 3 spell: Frozen Ramparts
 42368 | Shoals:1 | Bought a manual of Ice Magic for 800 gold pieces
 42606 | Shoals:2 | Received a gift from Sif Muna
 42611 | Shoals:2 | Got Sif Muna's Collected Works on Assistive Bolts {god
                  | gift}
 42874 | Shoals:2 | Noticed Polyphemus
 43227 | Shoals:2 | Found a frozen archway.
 43260 | Shoals:2 | Killed from afar by a wind drake

Illustrated notes

Levels and vault maps discovered:
D:1:      arrival_aquarium_a, layout_loops_corners,
          hangedman_abyss_or_decor_lesser_grid, nicolae_titane
D:2:      layout_loops_ring, wad_orctagon
D:3:      layout_loops_ring, nzn_overflow_gifts_of_might_and_magic,
          gammafunk_ghost_abyssal_escape
D:4:      layout_layer_cave, nicolae_vehumet_radiance,
          worldfamousw_hep_ancestral_shrine, minmay_fractal_squares_gapless_5
D:5:      layout_basic
D:6:      layout_rooms, elyvilon_altar_1, nzn_wu_jian_contemplation,
          enter_ossuary_4, minmay_misc_feat_chi
D:7:      layout_rooms, grunt_temple_overflow_diamond, minmay_temple_entry_fiery
D:8:      layout_basic
D:9:      layout_cave_pools, erik_lair_orcish_takeover, lemuel_flame_loot_1
D:10:     layout_big_octagon, nicolae_gozag_zags_fifth_avenue, orc_0_dummy,
          enter_bailey_3
D:11:     layout_stronghold, hex_medium
D:12:     layout_roguey, serial_shops, nicolae_stop_n_shop_1,
          okawaru_ov_weapons_minmay
D:13:     layout_basic, ximxim_vaults_locker_room, kennysheep_orc_sif_temple
D:14:     layout_cave_pools, minmay_misc_feat_tiny, ebering_ghost_funeral_grove
D:15:     hangedman_depths_entry_civil_slaughter, layout_irregular_city,
          gauntlet_entry_generic, nicolae_concentric_dashed_squares_mild,
          st_stairs_6, doesnt_xom_only_xom, uniq_josephine, uniq_azrael
Lair:1:   layout_chaotic_city, basic_altar, uniq_sonja
Lair:2:   layout_loops_ring, serial_bayou_shore_b
Lair:3:   layout_regular_city, elwin_shoals_entry_stream,
          minmay_snake_entry_guardpost_medium, lemuel_centaur_altar,
          grunt_megastairs_2, uniq_snorg
Lair:4:   layout_loops_ring, minmay_slime_entry_pillars
Lair:5:   evil_forest, layout_hall_layers, special_room [special_room_bee]
Shoals:1: layout_shoals, serial_shops, nicolae_shop_waterfront, shop,
          nicolae_shop_temple_entry_statues_fountains,
          nicolae_shop_bloodbath_and_beyond, shop
Shoals:2: dreamdust_from_the_deep, layout_shoals,
          portal_ice_cave_entry_ice_simulacra, nicolae_shoals_undead_eyrie,
          uniq_polyphemus
Shoals:3: nicolae_shoals_mermall, layout_shoals
Snake:1:  layout_onion_interference, serial_bayou_shore_a, uniq_aizul
Orc:1:    layout_caves, special_room [special_room_orc], uniq_harold
Orc:2:    pubby_orc_utopia, serial_shops, uniq_urug
Elf:1:    layout_geoelf_grid, ebering_ghost_xom, minmay_elf_demonology,
          lemuel_flamethrower_2, minmay_shop_grove
Depths:1: layout_basic, hell_entry, kennysheep_boxes, st_stairs_4,
          minmay_misc_feat_tower, due_unseen_surprise, minmay_shoptagon

Skill      XL: |  1  2  3  4  5  6  7  8  9 10 11 12 13 14 15 16 |
---------------+-------------------------------------------------+-----
Translocations | 1 2 3 4 6 7 8 |  8.0
Conjurations   | 4 5 6 7 8 9 10 11 13 14 | 14.1
Spellcasting   | 3 4 5 7 8 9 10 12 | 12.9
Dodging        | 3 4 5 6 |  6.1
Fighting       | 3 5 7 8 9 |  9.5
Earth Magic    | 3 5 6 |  6.4
Maces & Flails | 2 3 4 6 |  6.5
Transmutations | 3 |  3.7
Invocations    | 1 3 5 6 7 |  7.4
Summonings     | 2 5 9 12 14 | 14.0
Stealth        | |  1.4

Action                   |  1- 3 |  4- 6 |  7- 9 | 10-12 | 13-15 | 16-18 || total
-------------------------+-------+-------+-------+-------+-------+-------++-------
Melee: Whip              |     2 |    13 |       |       |       |       ||    15
       Quarterstaff      |       |       |   122 |    43 |       |       ||   165
       Staff             |       |       |       |    33 |    44 |     7 ||    84
       Kick              |       |       |       |    20 |    56 |    24 ||   100
       Giant spiked club |       |       |       |     8 |   118 |    53 ||   179
 Cast: Magic Dart        |    77 |    57 |     7 |    30 |    27 |     6 ||   204
       Searing Ray       |     4 |    13 |    12 |     2 |       |       ||    31
       Iskenderun's Myst |       |       |    40 |   174 |   394 |    56 ||   664
       Iskenderun's Batt |       |       |       |    12 |    16 |     3 ||    31
       Stone Arrow       |       |       |       |    17 |    33 |     5 ||    55
       Orb of Destructio |       |       |       |       |    27 |    36 ||    63
       Spellforged Servi |       |       |       |       |    10 |    26 ||    36
       Monstrous Menager |       |       |       |       |     1 |     9 ||    10
Invok: Channel Magic     |       |       |       |     1 |    10 |     1 ||    12
       Divine Exegesis   |       |       |       |       |     1 |       ||     1
Evoke: Wand              |       |       |     3 |    13 |     8 |     5 ||    29
  Use: Scroll            |       |       |    11 |    19 |    10 |     5 ||    45
       Potion            |       |       |     5 |     3 |       |    13 ||    21
 Stab: Sleeping          |       |       |     8 |     1 |       |       ||     9
Armor: Robe              |     8 |    11 |    30 |    17 |    64 |    29 ||   159
Dodge: Dodged            |     4 |    27 |    62 |   116 |   410 |   123 ||   742
Block: Other             |       |       |    18 |    14 |       |       ||    32
       Reflection        |       |       |     1 |     1 |       |       ||     2

Table legend: (Time is in decaauts)
 A = Elapsed time spent in this place.
 B = Non-inter-level travel time spent in this place.
 C = Inter-level travel time spent in this place.
 D = Time resting spent in this place.
 E = Time spent auto-exploring this place.
 F = Levels seen in this place.
 G = Mean time per level.
                   A        B        C        D        E       F      G
               +--------+--------+--------+--------+--------+-----+--------+
         Total |  43543 |  40876 |   2667 |  16234 |  17992 |  31 | 1404.6 |
       Dungeon |  21640 |  20122 |   1518 |   6413 |  11109 |  15 | 1442.7 |
          Lair |  11731 |  10924 |    807 |   5199 |   4048 |   5 | 2346.2 |
        Shoals |   2206 |   2055 |    151 |   1232 |    473 |   3 |  735.3 |
     Snake Pit |      5 |      5 |      0 |      0 |      0 |   1 |    5.0 |
  Orcish Mines |   4220 |   4033 |    187 |   1644 |   1722 |   2 | 2110.0 |
   Elven Halls |    317 |    317 |      0 |    146 |     77 |   1 |  317.0 |
        Depths |    138 |    138 |      0 |     73 |      8 |   1 |  138.0 |
       Ossuary |    464 |    464 |      0 |    101 |     31 |   1 |  464.0 |
        Bailey |   1394 |   1394 |      0 |    720 |    228 |   1 | 1394.0 |
      Gauntlet |   1424 |   1424 |      0 |    706 |    294 |   1 | 1424.0 |
               +--------+--------+--------+--------+--------+-----+--------+

Top non-repeatable levels by time:
   Orc:2: 3532 daAuts
  Lair:3: 3202 daAuts
  Lair:5: 3141 daAuts
    D:13: 2878 daAuts
  Lair:4: 2328 daAuts
Shoals:1: 2101 daAuts
    D:14: 1921 daAuts
    D:15: 1908 daAuts
  Lair:2: 1830 daAuts
     D:8: 1668 daAuts
     D:4: 1644 daAuts
     D:9: 1501 daAuts
     D:2: 1448 daAuts
Gauntlet: 1424 daAuts
  Bailey: 1394 daAuts
